 Dungeon Crawl Stone Soup version 0.30-a0-883-g5ad918d77d (webtiles) character file.

Game seed: 7730687371357824416

5023 Sanktem7 the Cleaver (level 10, -10/90 HPs)
             Began as a Minotaur Fighter on Mar 17, 2023.
             Was a Believer of Okawaru.
             Mangled by a slime creature (11 damage)
             ... on level 9 of the Dungeon.
             The game lasted 00:13:22 (8166 turns).

Sanktem7 the Cleaver (Minotaur Fighter)             Turns: 8166, Time: 00:13:23

Health: -10/90     AC: 17    Str: 25    XL:     10   Next: 30%
Magic:  11/11      EV:  7    Int:  5    God:    Okawaru [**....]
Gold:   443        SH:  5    Dex: 10    Spells: 9/9 levels left

rFire   . . .      SeeInvis .    m - +1 broad axe (heavy) {axe}
rCold   + . .      Faith    .    c - +0 buckler
rNeg    . . .      Spirit   .    p - +0 plate armour
rPois   .          Reflect  .    (helmet restricted)
rElec   .          Rampage  .    i - +2 cloak
rCorr   .                        (no gloves)
Will    .....                    (no boots) Stlth
                                 (no amulet)
HPRegen 0.35/turn                r - ring of flight
MPRegen 0.12/turn                F - ring of protection from cold

@: flying
A: horns 2, retaliatory headbutt
a: Renounce Religion, Heroism


You were on level 9 of the Dungeon.
You worshipped Okawaru.
Okawaru was pleased with you.
You visited 2 branches of the dungeon, and saw 10 of its levels.
You also visited: Sewer.

You collected 443 gold pieces.


Innate Abilities, Weirdness & Mutations

You have a pair of horns on your head.
You reflexively headbutt those who attack you in melee.


   Skills:
 + Level 8.6 Fighting
 * Level 11.3 Axes
 + Level 2.7 Staves
 + Level 8.8 Armour
 + Level 8.6 Shields
 + Level 3.2 Invocations


You had 9 spell levels left.
You didn't know any spells.
Your spell library contained the following spells:

 Spells                   Type           Power      Damage    Failure   Level
 Kiss of Death            Conj/Necr      0%         2d5       100%        1
 Sandblast                Erth           0%         2d4       100%        1
 Slow                     Hex            0%         N/A       100%        1
 Lesser Beckoning         Tloc           0%         N/A       100%        2
 Passwall                 Tmut/Erth      0%         N/A       100%        2
 Confusing Touch          Hex            0%         N/A       100%        3
 Gell's Gravitas          Tloc           0%         N/A       100%        3
 Inner Flame              Hex/Fire       0%         N/A       100%        3
 Stone Arrow              Conj/Erth      0%         3d7       100%        3
 Teleport Other           Tloc           0%         N/A       100%        3
 Vampiric Draining        Necr           0%         2d6       100%        3
 Dispel Undead            Necr           0%         3d6       100%        4
 Flame Wave               Conj/Fire      0%         2d4       100%        4
 Sticky Flame             Conj/Fire      0%         2d3       100%        4

Inventory:

Hand Weapons
 m - a +1 heavy broad axe (weapon) {axe}
   (You acquired it on level 7 of the Dungeon)
 y - a +2 flail of protection {mace}
   (You took it off an orc on level 5 of the Dungeon)
Missiles
 b - 16 poisoned darts {throwing}
 f - 83 stones (quivered) {throwing}
 j - 3 atropa-tipped darts {throwing}
 o - 5 curare-tipped darts {=fthrowing}
 C - 7 boomerangs {throwing}
Armour
 c - a +0 buckler (worn)
 i - a +2 cloak (worn)
   (You found it on level 1 of the Dungeon)
 p - a +0 plate armour (worn)
   (You found it on level 2 of the Dungeon)
Magical Staves
 D - a staff of fire {!astaff}
   (You found it on level 6 of the Dungeon)
Jewellery
 r - a ring of flight (left hand)
   (You found it on level 2 of the Dungeon)
 F - a ring of protection from cold (right hand)
   (You found it on level 6 of the Dungeon)
Wands
 a - a wand of iceblast (3)
   (You found it on level 8 of the Dungeon)
 t - a wand of mindburst (8)
   (You took it off Maggie on level 8 of the Dungeon)
 w - a wand of paralysis (18)
   (You found it on level 3 of the Dungeon)
 H - a wand of quicksilver (19)
   (You found it on level 6 of the Dungeon)
Scrolls
 e - a scroll of blinking {!r}
 h - 3 scrolls of teleportation {@r4}
 n - 2 scrolls of poison {!r}
 x - a scroll of identify {@r1}
 J - a scroll of fear {unknown}
Potions
 d - 4 potions of might
 g - 9 potions of curing {@q1}
 k - 2 potions of ambrosia
 l - a potion of flight {unknown}
 q - 3 potions of lignification {unknown}
 s - 3 potions of attraction {!q}
 u - a potion of magic {unknown}
 v - a potion of degeneration {unknown}
 z - 3 potions of mutation {unknown}
 A - a potion of invisibility {unknown}
 B - a potion of brilliance {unknown}
 E - a potion of berserk rage {!q}
 G - 2 potions of haste {unknown}
 I - a potion of heal wounds {unknown}
 M - 2 potions of cancellation {unknown}

Dungeon Overview and Level Annotations

Branches:
Dungeon (9/15) Zot: 26917  Temple (1/1) D:7 Zot: 5987    Lair (0/5) D:9
  Sewer (visited)
    Orc: D:9-12

Altars:
Ashenzari
Cheibriados
Fedhas
Gozag
Hepliaklqana
Kikubaaqudgha
Makhleb
Nemelex Xobeh
Okawaru
Qazlal
Ru
Sif Muna
Trog
Uskayaw
Vehumet
Yredelemnul
Zin
The Shining One

Annotations:
D:6 3 runed translucent doors, pigah's ghost, novice OpWn

.....# ..# .....#
#..# #..# .....#
#..# #..# ..[..#
#..# #..#
.....####..# #..#
...........######..#
......>............#
......†..........J.#
##...###.<...o.)@J.#
#...#
#..########/.......
#..h# #..# #........
#...# #..# #........
#...# #..# #........
#oo.# #..# #........
#...# #..# #........
#...# #..# #........
#...#


You could see 2 slime creatures and an orc.


Message History

The warg bites you.
* * * LOW HITPOINT WARNING * * *
The orc wizard casts a spell.
The orc wizard flickers and vanishes!
The warg bites you but does no damage. The orc wizard barely misses you.
You furiously retaliate!
You headbutt the orc wizard, but do no damage.
Something hits you but does no damage. The orc barely misses you. 😨 HP[-9]
You take 9 damage, and now have 38/90 hp.
You hit the orc wizard but do no damage.
You closely miss the orc. You slice something!! Okawaru accepts your kill.
Reactivating autopickup.
You feel a bit more experienced.
You hit the warg but do no damage. The warg bites you but does no damage.
The orc hits you but does no damage. You block the orc wizard's attack.
The warg bites you!
* * * LOW HITPOINT WARNING * * *
😨 HP[-11]
You take 11 damage, and now have 27/90 hp.
You slice the orc wizard!!
You kill the orc wizard!
Okawaru accepts your kill.
You slice the orc!!
You kill the orc!
You slash the kobold!
You kill the kobold!
You closely miss the warg. The warg bites you!
* * * LOW HITPOINT WARNING * * *
The warg bites you.
* * * LOW HITPOINT WARNING * * *
You block the kobold's attack. 😱 HP[-12]
You take 12 damage, and now have 15/90 hp.
You closely miss the kobold. Your headbutt misses the kobold.
You miss something. You barely miss the warg.
You hear the faint creaking of a very distant portcullis.
You block the warg's attack. You block the kobold's attack.
Something hits you but does no damage.
Deactivating autopickup; reactivate with Ctrl-A.
The warg bites you but does no damage.
You slash the kobold!
You kill the kobold!
Okawaru accepts your kill.
You closely miss something. You closely miss the warg. The warg bites you.
* * * LOW HITPOINT WARNING * * *
Something hits you.
* * * LOW HITPOINT WARNING * * *
The orc barely misses you. You furiously retaliate!
You headbutt the orc.
The warg pauses to sniff the ground.
The warg closely misses you. You furiously retaliate!
You headbutt the warg! Something hits you but does no damage.
The orc priest hits you but does no damage. 😱 HP[-7]
You take 7 damage, and now have 8/90 hp.
Blink to where?
Press: ? - help, Q - select action, (/) - cycle Dir - move target
As you read the scroll of blinking {!r}, it crumbles to dust. 😱 HP[+1]
The orc priest looks satisfied for a moment. 😱 HP[+1] 😱 HP[+1] 😱 HP[+1]
The warg bites you but does no damage.
You slice the warg!!
You kill the warg!
Okawaru accepts your kill. 😱 HP[+1]
There is a stone staircase leading up here. 😱 HP[+1] 😱 HP[+1]
The orc priest calls upon Beogh to heal something. 2 slime creatures come into view.
The slime creature quivers. x2 😱 HP[+1] 2 slime creatures come into view.
The slime creature quivers. x2 😱 HP[+1]
The slime creature attacks as you move away!
The slime creature hits you but does no damage.
The orc priest looks encouraged for a moment.
You chop the orc priest into pieces!!!
You kill the orc priest!
Okawaru accepts your kill.
You hit the slime creature. The slime creature hits you.
* * * LOW HITPOINT WARNING * * *
The slime creature closely misses you.
The slime creature hits you but does no damage.
The orc throws a boomerang.
The boomerang hits you but does no damage. 😱 HP[-4]
You take 4 damage, and now have 13/90 hp.
You slice something!! Okawaru accepts your kill.
Reactivating autopickup.
You feel a bit more experienced.
You barely miss the slime creature. You slice the slime creature!!
The orc throws a boomerang.
The boomerang barely misses you. The slime creature hits you!
* * * LOW HITPOINT WARNING * * *
The slime creature hits you!
You die...

Skill      XL: |  1  2  3  4  5  6  7  8  9 10 |
---------------+-------------------------------+-----
Axes           | 4 5 6 7 9 10 11 | 11.3
Fighting       | 4 5 6 7 8 |  8.6
Armour         | 4 5 6 7 8 |  8.8
Shields        | 4 5 6 7 8 |  8.6
Invocations    | 2 3 |  3.2
Staves         | 1 2 |  2.7

Action                     |  1- 3 |  4- 6 |  7- 9 | 10-12 || total
---------------------------+-------+-------+-------+-------++-------
  Melee: War axe           |    30 |   130 |   217 |       ||   377
         Headbutt          |     5 |    22 |    42 |     6 ||    75
         Broad axe         |       |       |    33 |    56 ||    89
    Use: Scroll            |       |       |    10 |     1 ||    11
 Armour: Scale mail        |    15 |       |       |       ||    15
         Plate armour      |       |    85 |   195 |    88 ||   368
  Dodge: Dodged            |    17 |    34 |    93 |    36 ||   180
  Block: Buckler           |     7 |    39 |    66 |    34 ||   146

Levels and vault maps discovered:
D:1:      giann_horns, layout_basic, basic_ecumenical_altar
D:2:      layout_loops_cross, uniq_sigmund, uniq_crazy_yiuf_cottage
D:3:      layout_rooms, nicolae_uskayaw_murder_on_the_dancefloor,
          kennysheep_generic_room_6, uniq_terence, uniq_jessica
D:4:      layout_cave_pods
D:5:      layout_cave_pools, grunt_temple_overflow_forces_of_nature,
          grunt_temple_overflow_open, uniq_prince_ribbit1
D:6:      layout_loops_ring, gammafunk_temple_overflow_wave,
          biasface_ghost_orc_armoury, portal_sewer_entry_d
D:7:      layout_basic, temple_pool_b, nicolae_concentric_dashed_squares_wild
D:8:      layout_cave_pods, serial_park_tiny_pond, serial_park_tiny_2,
          uniq_maggie
D:9:      cheibrodos_shockbox, layout_long_grid, erik_lair_orcish_takeover,
          david_orc_4, serial_shops, shop, enter_bailey_3, feat_on_display
Temple:   hellmonk_temple_two_chambers

Notes
Turn   | Place    | Note
-------+----------+-------------------------------------------
     0 | D:1      | Sanktem7 the Minotaur Fighter began the quest for the Orb.
     0 | D:1      | Reached XP level 1. HP: 19/19 MP: 0/0
     0 | D:1      | magus.rc [v1.9.6]
   141 | D:1      | Reached XP level 2. HP: 27/27 MP: 1/1
   220 | D:1      | Found a faded altar of an unknown god.
   258 | D:1      | Reached skill level 3 in Axes
   477 | D:2      | Noticed Sigmund
   486 | D:2      | Killed Sigmund
   487 | D:2      | Reached skill level 4 in Fighting
   487 | D:2      | Reached skill level 4 in Axes
   487 | D:2      | Reached skill level 4 in Armour
   487 | D:2      | Reached skill level 4 in Shields
   487 | D:2      | Reached XP level 3. HP: 25/34 MP: 2/2
   487 | D:2      | Reached XP level 4. HP: 30/41 MP: 3/3
   487 | D:2      | Reached XP level 5. HP: 35/47 MP: 4/4
  1246 | D:2      | Found a runed translucent door.
  1247 | D:2      | Noticed Crazy Yiuf
  1252 | D:2      | Killed Crazy Yiuf
  1253 | D:2      | Reached skill level 5 in Axes
  1405 | D:3      | Noticed Jessica
  1413 | D:3      | Killed Jessica
  1414 | D:3      | Reached XP level 6. HP: 45/55 MP: 5/5
  1467 | D:3      | You pick up a book of Debilitation and begin reading...
  1467 | D:3      | You add the spells Slow, Vampiric Draining and Confusing
                  | Touch to your library.
  1483 | D:3      | Reached skill level 5 in Armour
  1705 | D:3      | Noticed Terence
  1711 | D:3      | Killed Terence
  1712 | D:3      | Reached skill level 5 in Shields
  1795 | D:3      | Found a hide-covered altar of Uskayaw.
  1807 | D:3      | Reached skill level 5 in Fighting
  2422 | D:4      | magus.rc [v1.9.6]
  2422 | D:4      | magus.rc [v1.9.6]
  2426 | D:4      | You pick up a book of Touch and begin reading...
  2426 | D:4      | You add the spells Kiss of Death and Dispel Undead to your
                  | library.
  2857 | D:5      | Entered Level 5 of the Dungeon
  2861 | D:5      | Found a stormy altar of Qazlal.
  2861 | D:5      | Noticed a yak
  2862 | D:5      | Noticed a yak
  2863 | D:5      | Found a blossoming altar of Fedhas.
  2863 | D:5      | Noticed a yak
  2864 | D:5      | Noticed a yak
  2888 | D:4      | Killed a yak
  2889 | D:4      | Reached skill level 6 in Axes
  2889 | D:4      | Reached XP level 7. HP: 47/61 MP: 6/6
  2939 | D:5      | Killed a yak
  2946 | D:5      | Killed a yak
  2947 | D:5      | Reached skill level 7 in Axes
  2947 | D:5      | Reached skill level 6 in Armour
  2954 | D:5      | Reached skill level 6 in Shields
  3059 | D:5      | Reached skill level 6 in Fighting
  3062 | D:5      | Noticed Prince Ribbit
  3098 | D:5      | Killed Prince Ribbit
  3099 | D:5      | Reached XP level 8. HP: 69/70 MP: 7/7
  3173 | D:5      | You pick up a book of Flames and begin reading...
  3173 | D:5      | You add the spells Inner Flame, Sticky Flame and Flame Wave
                  | to your library.
  3221 | D:5      | Reached skill level 8 in Axes
  3278 | D:5      | You pick up a book of Debilitation and begin reading...
  3394 | D:5      | Reached skill level 7 in Armour
  3436 | D:5      | Found an ancient bone altar of Kikubaaqudgha.
  3491 | D:5      | HP: 17/71 [water moccasin (2)]
  3493 | D:5      | Reached skill level 7 in Fighting
  3493 | D:5      | Reached skill level 7 in Shields
  3495 | D:5      | HP: 7/73 [poisoned by a water moccasin]
  3500 | D:5      | HP: 4/73 [poisoned by a water moccasin]
  3722 | D:5      | Found a sacrificial altar of Ru.
  3779 | D:5      | Reached skill level 9 in Axes
  4040 | D:6      | Found a glowing drain.
  4055 | Sewer    | Entered a sewer
  4130 | Sewer    | Reached XP level 9. HP: 76/79 MP: 8/8
  4813 | D:6      | Noticed pigah's ghost (novice OpWn)
  4814 | D:6      | Found a runed translucent gate.
  4814 | D:6      | Found a runed translucent gate.
  4814 | D:6      | Found a runed translucent gate.
  4889 | D:6      | Found a shimmering blue altar of Sif Muna.
  4889 | D:6      | Found an opulent altar of Gozag.
  5043 | D:6      | Identified the +1 plate armour "Ganoorgh" {rPois Dex+4
                  | Slay+3}
  5094 | D:7      | Found a staircase to the Ecumenical Temple.
  5215 | Temple   | Entered the Ecumenical Temple
  5221 | Temple   | Became a worshipper of Warmaster Okawaru
  5243 | D:7      | You pick up a book of Geomancy and begin reading...
  5243 | D:7      | You add the spells Sandblast, Passwall and Stone Arrow to
                  | your library.
  5334 | D:7      | HP: 19/79 [poisoned by an orc wizard]
  5553 | D:7      | Reached skill level 1 in Invocations
  5555 | D:7      | Reached skill level 10 in Axes
  5682 | D:7      | Reached skill level 8 in Armour
  5886 | D:7      | Reached skill level 8 in Fighting
  5886 | D:7      | Reached skill level 8 in Shields
  6202 | D:7      | Reached skill level 2 in Invocations
  6460 | D:7      | Identified a scroll of acquirement
  6460 | D:7      | Acquired a +1 heavy broad axe
  6520 | D:8      | Reached * piety under Okawaru
  6538 | D:8      | Reached skill level 1 in Staves
  6538 | D:8      | HP: 20/81 [poisoned by a kobold brigand]
  6752 | D:8      | You pick up a book of Displacement and begin reading...
  6752 | D:8      | You add the spells Lesser Beckoning, Gell's Gravitas and
                  | Teleport Other to your library.
  6844 | D:8      | Noticed Maggie
  6852 | D:8      | HP: 14/81 [Maggie/bolt of fire (12)]
  6853 | D:8      | Killed Maggie
  6854 | D:8      | Reached XP level 10. HP: 16/89 MP: 10/10
  7252 | D:8      | Reached skill level 11 in Axes
  7263 | D:8      | Reached skill level 2 in Staves
  7447 | D:8      | HP: 22/90 [poisoned by a killer bee]
  7452 | D:8      | HP: 11/90 [poisoned by a killer bee]
  8129 | D:9      | Found a staircase to the Lair.
  8133 | D:9      | Reached ** piety under Okawaru
  8134 | D:9      | Reached skill level 3 in Invocations
  8136 | D:9      | HP: 21/90 [warg (7)]
  8138 | D:9      | HP: 8/90 [something (3)]
  8165 | D:9      | HP: 13/90 [slime creature (5)]
  8166 | D:9      | HP: 1/90 [slime creature (12)]
  8166 | D:9      | Mangled by a slime creature

Vanquished Creatures
  Maggie (D:8)
  Prince Ribbit (D:5)
  Sigmund (D:2)
  4 yaks
  3 wargs (D:9)
  2 acid dragons
  5 water moccasins
  2 ice beasts
  4 orc warriors
  A black bear (D:7)
  3 ogres
  3 kobold brigands
  3 bullfrogs
  2 scorpions
  5 killer bees (D:8)
  3 howler monkeys
  A jelly (D:7)
  A hound (D:5)
  Crazy Yiuf (D:2)
  6 orc priests
  A gnoll bouda (D:5)
  Jessica (D:3)
  3 iguanas
  Terence (D:3)
  12 orc wizards
  8 adders
  11 gnolls
  3 shadow imps
  An ufetubus (D:4)
  2 worms (D:2)
  2 dart slugs
  31 orcs
  2 endoplasms
  2 giant cockroaches
  6 goblins
  3 hobgoblins
  14 jackals
  2 quokkas
  7 ball pythons
  9 bats
  3 frilled lizards
  19 kobolds
  3 rats
198 creatures vanquished.

Vanquished Creatures (others)
  3 fungi (D:2)
  4 plants (D:5)
7 creatures vanquished.

Grand Total: 205 creatures vanquished

Table legend:
 A = Non-vault XP
 B = Vault XP
 C = Vault XP percentage of total XP
 D = Non-vault monster count
 E = Vault monster count
 F = Vault count percentage of total count
                 A         B        C        D         E       F
            +---------+---------+-------+---------+---------+-------
      Total |    5442 |    1770 |  24.5 |     175 |      23 |  11.6
            +---------+---------+-------+---------+---------+-------
        D:1 |      19 |       0 |   0.0 |      11 |       0 |   0.0
        D:2 |      98 |     255 |  72.2 |      25 |       2 |   7.4
        D:3 |      58 |      75 |  56.4 |      14 |       3 |  17.6
        D:4 |     331 |       0 |   0.0 |      15 |       0 |   0.0
        D:5 |    1436 |     268 |  15.7 |      22 |       1 |   4.3
        D:6 |     533 |      13 |   2.4 |      15 |       1 |   6.2
        D:7 |    1363 |       0 |   0.0 |      28 |       0 |   0.0
        D:8 |    1423 |     385 |  21.3 |      39 |       1 |   2.5
        D:9 |     181 |     621 |  77.4 |       6 |       8 |  57.1
      Sewer |       0 |     153 | 100.0 |       0 |       7 | 100.0
            +---------+---------+-------+---------+---------+-------

Illustrated notes

Table legend:
 A = Kills in this place as a percentage of kills in the entire game.
 B = Kills by you in this place as a percentage of kills by you in the entire game.
 C = Kills by friends in this place as a percentage of kills by friends in the entire game.
 D = Other kills in this place as a percentage of other kills in the entire game.
 E = Experience gained in this place as a percentage of experience gained in the entire game.
 F = Experience gained in this place divided by the number of levels of this place that you have seen.
                   A       B       C       D       E      F
               +-------+-------+-------+-------+-------+----------------------
         Total | 100.0 | 100.0 |   N/A |   N/A | 100.0 | 655.6
       Dungeon |  96.5 |  96.5 |   N/A |   N/A |  97.9 | 784.3
         Sewer |   3.5 |   3.5 |   N/A |   N/A |   2.1 | 153.0
               +-------+-------+-------+-------+-------+----------------------

Table legend: (Time is in decaauts)
 A = Elapsed time spent in this place.
 B = Non-inter-level travel time spent in this place.
 C = Inter-level travel time spent in this place.
 D = Time resting spent in this place.
 E = Time spent auto-exploring this place.
 F = Levels seen in this place.
 G = Mean time per level.
                   A        B        C        D        E       F      G
               +--------+--------+--------+--------+--------+-----+--------+
         Total |   8287 |   8104 |    183 |    328 |   6514 |  11 |  753.4 |
       Dungeon |   8149 |   7966 |    183 |    328 |   6420 |   9 |  905.4 |
        Temple |     12 |     12 |      0 |      0 |      0 |   1 |   12.0 |
         Sewer |    124 |    124 |      0 |      0 |     94 |   1 |  124.0 |
               +--------+--------+--------+--------+--------+-----+--------+

Top non-repeatable levels by time:
     D:8: 1630 daAuts
     D:7: 1409 daAuts
     D:5: 1075 daAuts
     D:6: 996 daAuts
     D:2: 940 daAuts
     D:4: 922 daAuts
     D:3: 678 daAuts
     D:1: 415 daAuts
   Sewer: 124 daAuts
     D:9: 81 daAuts
  Temple: 12 daAuts
